 Dungeon Crawl Stone Soup version 0.23-a0-625-g1d2cd9b (webtiles) character file.

20 Leeroy the Charmwright (level 2, -1/23 HPs)
             Began as a Barachi Skald on Dec 25, 2018.
             Slain by a hobgoblin
             ... wielding a +0 club
              (2 damage)
             ... on level 2 of the Dungeon.
             The game lasted 00:02:06 (799 turns).

Leeroy the Charmwright (Barachi Skald)               Turns: 799, Time: 00:02:07

Health: -1/23      AC:  3    Str: 12    XL:     2   Next: 79%
Magic:  5/5        EV: 12    Int: 13    God:
Gold:   85         SH:  0    Dex: 11    Spells: 4/5 levels left

rFire    . . .     SeeInvis .   a - +0 falchion
rCold    . . .     Gourm    .   (no shield)
rNeg     . . .     Faith    .   b - +0 leather armour
rPois    .         Spirit   .   (no helmet)
rElec    .         Reflect  .   (no cloak)
rCorr    .         Harm     .   (no gloves)
MR       .....                  (no boots)
Stlth    +.........             (no amulet)
HPRegen  0.07/turn              (no ring)
MPRegen  0.09/turn              (no ring)

@: lethally poisoned (-1 -> -15), infused, invisible, slow
A: +LOS, swims, slowness 1, strong legs 1
a: Hop


You were on level 2 of the Dungeon.
You were not hungry.

You visited 1 branch of the dungeon, and saw 2 of its levels.

You collected 85 gold pieces.

Inventory:

Hand Weapons
 a - a +0 falchion (weapon)
 k - a +0 dagger
Missiles
 c - 58 stones (quivered)
Armour
 b - a +0 leather armour (worn)
 h - a +0 scale mail
 l - a +0 ring mail
Wands
 o - a wand of flame (19)
Scrolls
 e - a scroll of identify {unknown}
 i - a scroll of immolation {unknown}
 j - a scroll of fear {unknown}
 m - a scroll of remove curse {unknown}
Comestibles
 d - 3 rations
 f - a chunk of flesh


   Skills:
 - Level 2.4 Fighting
 * Level 3.2 Long Blades
 - Level 1.2 Armour
 + Level 2.4 Dodging
 + Level 0.4 Stealth
 - Level 2.1 Spellcasting
 + Level 3.6 Charms


You had 4 spell levels left.
You knew the following spells:

 Your Spells              Type           Power        Failure   Level  Hunger
a - Infusion              Chrm           ##..         7%          1    ##.....

Your spell library contained the following spells:

 Spells                   Type           Power        Failure   Level  Hunger
 Song of Slaying          Chrm           ##......     11%         2    ###....
 Shroud of Golubria       Chrm/Tloc      #.........   22%         2    ###....
 Regeneration             Chrm/Necr      #.........   41%         3    ####...
 Spectral Weapon          Hex/Chrm       #.......     41%         3    ####...


Dungeon Overview and Level Annotations

Branches:
Dungeon (2/15)

Altars:


Innate Abilities, Weirdness & Mutations

Shadows flee at your approach. (+LOS)
You can swim through water.
You cover ground slowly.
You can hop short distances.


Message History

You hit the worker ant but do no damage.
The worker ant is moderately wounded.
The worker ant bites you.
* * * LOW HITPOINT WARNING * * *
You are more poisoned.
The worker ant poisons you!
The hobgoblin hits you but does no damage.
The worker ant barely misses you.
It was a potion of magic.
Magic courses through your body.
* * * LOW HITPOINT WARNING * * *
You feel sick. The hobgoblin hits you with a +0 club.
* * * LOW HITPOINT WARNING * * *
The worker ant barely misses you.
Unknown command.
It was a potion of invisibility.
You fade into invisibility!
* * * LOW HITPOINT WARNING * * *
You feel sick. The worker ant closely misses you.
The hobgoblin hits you with a +0 club.
You die...

## #. .. ####.#### ...
####.....>?###...
#...........#....
#.........w..#
#....?.a...# #
#.....@g...#.# #
#..........#.#
..##............###
.................... b.
................##.# ....
..............#.... #...
................#.# ..#
..............###.###.##..
..........†...# #.#......


You could see a worm, a worker ant and a hobgoblin.

Vanquished Creatures
  A dart slug (D:1)
  3 goblins
  2 hobgoblins
  2 kobolds (D:1)
  8 bats
  A frilled lizard (D:1)
  2 rats
19 creatures vanquished.

Notes
Turn   | Place    | Note
-------+----------+-------------------------------------------
     0 | D:1      | Leeroy the Barachi Skald began the quest for the Orb.
     0 | D:1      | Reached XP level 1. HP: 17/17 MP: 3/3
   216 | D:1      | Reached XP level 2. HP: 9/23 MP: 5/5
   799 | D:2      | HP: 1/23 [poisoned by a worker ant]
   799 | D:2      | Slain by a hobgoblin

Vault maps used:
D:1:      psy_arrival_radial01
D:2:      evilmike_ruin_ashenzari, trog_book

Skill      XL: |  1  2 |
---------------+-------+-----
Long Blades    | 3 |  3.2
Fighting       | |  2.4
Armour         | |  1.2
Dodging        | |  2.4
Stealth        | |  0.4
Spellcasting   | |  2.1
Charms         | |  3.6

Action                   || total
-------------------------++-------
Melee: Falchion          ||    58
 Cast: Infusion          ||     1
  Use: Potion            ||     2
Armor: Leather armour    ||    29
Dodge: Dodged            ||    83
       Rpst.: Falchion   ||    27

Table legend:
 A = Non-vault XP
 B = Vault XP
 C = Vault XP percentage of total XP
 D = Non-vault monster count
 E = Vault monster count
 F = Vault count percentage of total count
                 A         B        C        D         E       F
            +---------+---------+-------+---------+---------+-------
      Total |      29 |       0 |   0.0 |      19 |       0 |   0.0
            +---------+---------+-------+---------+---------+-------
        D:1 |      22 |       0 |   0.0 |      14 |       0 |   0.0
        D:2 |       7 |       0 |   0.0 |       5 |       0 |   0.0
            +---------+---------+-------+---------+---------+-------
